Map: Triton LE

Players

Geralt (Gerald)

  • Race: Protoss Protoss
  • League: Grandmaster
  • Spawn Location: 11:00

Neeblet (Neeb) - Winner!

  • Race: Protoss Protoss
  • Spawn Location: 5:00

VOD

Have the link to the VOD?

Description

Time

  • Played on: Jan. 13, 2020, 3:27 p.m.
  • Length: 13:50
Show
View Real Time Build Order
Export as new Build Order

Geralt Protoss 

Build Orders: Oracle Opening 

Get SALT Encoding   

  12  0:00  Probe  
  13  0:12  Probe  
  14  0:18  Pylon  
  14  0:25  Probe (Chrono Boost)  
  15  0:38  Probe (Chrono Boost), Gateway  
  16  0:43  Probe (Chrono Boost)  
  16  0:46  Assimilator  
  17  0:53  Probe (Chrono Boost)  
  17  0:54  Assimilator  
  18  1:05  Probe (Chrono Boost)  
  18  1:07  Gateway  
  19  1:14  Probe (Chrono Boost)  
  20  1:19  Probe  
  21  1:26  Cybernetics Core  
  21  1:30  Pylon  
  21  1:33  Probe  
  22  1:45  Probe  
  23  1:57  Probe  
  24  2:02  Stargate  
  24  2:04  Adept x2  
  28  2:09  Probe  
  28  2:12  Pylon  
  29  2:16  Warp Gate  
  29  2:21  Probe  
  30  2:35  Probe  
  31  2:43  Shield Battery  
  30  2:44  Oracle (Chrono Boost)  
  33  2:52  Shield Battery  
  35  3:01  Robotics Facility  
  33  3:10  Stalker  
  35  3:19  Stalker  
  37  3:40  Gateway  
  35  3:45  Pylon  
  34  3:50  Shield Battery  
  34  3:51  Shield Battery  
  34  3:53  Pylon  
  34  4:01  Immortal (Chrono Boost)  
  38  4:16  Stalker  
  38  4:17  Stalker  
  40  4:30  Warp Prism (Chrono Boost)  
  40  4:37  Sentry  
  44  4:49  Adept  
  46  4:53  Pylon  
  44  5:16  Immortal (Chrono Boost)  
  44  5:19  Stalker x2  
  52  5:29  Gateway  
  52  5:41  Pylon  
  52  5:47  Stalker  
  44  6:16  Stalker  
  46  6:22  Gateway  
  46  6:24  Gateway  
  46  6:25  Pylon  
  44  6:39  Stalker  
  46  6:45  Stalker  
  46  6:46  Probe  
  47  7:03  Twilight Council  
  47  7:07  Nexus  
  47  7:13  Probe  
  48  7:21  Pylon  
  48  7:23  Zealot  
  48  7:24  Zealot  
  52  7:31  Probe  
  50  7:46  Probe  
  50  7:47  Dark Shrine  
  51  7:58  Probe  
  52  7:59  Dark Shrine  
  52  8:10  Probe  
  53  8:19  Sentry  
  54  8:20  Sentry  
  54  8:21  Stalker x2  
  58  8:35  Warp Prism (Chrono Boost)  
  58  8:41  Probe  
  59  8:47  Probe  
  58  8:52  Pylon  
  58  8:53  Probe, Charge (Chrono Boost), Assimilator  
  59  9:00  Observer  
  59  9:01  Probe  
  61  9:05  Probe  
  61  9:08  Assimilator  
  62  9:15  Probe  
  64  9:26  Pylon  
  64  9:29  Dark Templar x4  
  71  9:31  Probe  
  72  9:40  Pylon  
  66  10:17  Gateway  
  66  10:18  Gateway  
  66  10:22  Gateway  
  66  10:23  Dark Templar x4  
  66  10:24  Gateway  
  72  10:29  Pylon  
  72  10:32  Archon x2  
  72  10:59  Dark Templar x3  
  72  11:02  Pylon  
  78  11:04  Pylon  
  78  11:13  Dark Templar  
  80  11:18  Archon  
  80  11:19  Zealot  
  80  11:20  Archon  
  82  11:30  Dark Templar x2  
  86  11:35  Zealot x4  
  86  11:37  Archon  
  96  11:53  Dark Templar  
  96  11:54  Dark Templar  
  100  11:56  Zealot x2  
  100  11:59  Zealot x2  
  100  12:00  Archon  
  106  12:04  Zealot x2  
  110  12:18  Probe  
  111  12:32  Observer  
  96  12:39  Dark Templar x3  
  96  12:40  Zealot x4  
Show
View Real Time Build Order
Export as new Build Order

Neeblet Protoss - Winner!

Build Orders:  

Get SALT Encoding   

  12  0:00  Probe  
  13  0:13  Probe  
  14  0:17  Pylon  
  14  0:25  Probe (Chrono Boost)  
  15  0:37  Probe (Chrono Boost)  
  15  0:40  Gateway  
  16  0:45  Probe (Chrono Boost)  
  16  0:48  Assimilator  
  17  0:51  Probe  
  17  0:54  Assimilator  
  18  1:03  Probe (Chrono Boost)  
  19  1:07  Gateway  
  19  1:13  Probe (Chrono Boost)  
  19  1:18  Probe (Chrono Boost)  
  21  1:26  Cybernetics Core  
  21  1:29  Probe  
  22  1:36  Pylon  
  22  1:42  Probe  
  23  2:03  Robotics Facility  
  23  2:05  Stalker x2  
  27  2:10  Warp Gate (Chrono Boost)  
  27  2:13  Pylon  
  27  2:24  Shield Battery  
  27  2:25  Probe  
  30  2:41  Stalker  
  31  2:48  Shield Battery  
  31  2:51  Immortal (Chrono Boost)  
  33  2:59  Stalker  
  35  3:07  Pylon  
  35  3:25  Warp Prism (Chrono Boost)  
  37  3:30  Probe  
  36  3:52  Stalker x2  
  35  3:59  Probe  
  36  4:11  Probe  
  37  4:20  Immortal (Chrono Boost)  
  41  4:27  Probe  
  42  4:37  Sentry  
  44  4:40  Probe  
  44  4:44  Pylon  
  45  4:47  Sentry  
  47  4:59  Pylon  
  47  5:02  Probe  
  48  5:14  Probe  
  49  5:15  Adept x2  
  53  5:25  Twilight Council  
  51  5:51  Pylon  
  51  6:00  Pylon  
  47  6:10  Blink (Chrono Boost)  
  43  6:16  Stalker x2  
  45  6:29  Gateway  
  45  6:44  Sentry  
  45  6:45  Stalker  
  49  6:47  Nexus  
  49  6:59  Probe  
  50  7:07  Stalker  
  52  7:09  Stalker  
  52  7:11  Probe  
  55  7:23  Probe  
  56  7:34  Pylon  
  56  7:35  Probe  
  57  7:47  Probe, Stalker x2  
  62  7:52  Stalker  
  64  7:58  Gateway  
  64  8:05  Gateway  
  64  8:07  Probe (Chrono Boost)  
  64  8:09  Probe (Chrono Boost)  
  64  8:12  Sentry  
  68  8:17  Pylon  
  69  8:23  Probe (Chrono Boost)  
  69  8:24  Probe (Chrono Boost)  
  70  8:27  Charge  
  70  8:29  Probe (Chrono Boost)  
  70  8:30  Probe  
  72  8:40  Templar Archives  
  72  8:41  Assimilator  
  72  8:43  Probe  
  72  8:45  Assimilator  
  72  8:47  Probe  
  74  8:57  Probe  
  76  9:03  Pylon  
  73  9:19  Observer (Chrono Boost)  
  73  9:24  Gateway  
  74  9:25  Gateway, Zealot x3  
  80  9:34  Forge  
  80  9:37  Observer (Chrono Boost)  
  81  9:41  High Templar x2  
  81  9:45  Archon  
  85  9:46  Observer  
  85  9:55  Observer  
  85  9:57  Zealot x3  
  91  10:06  Probe x2  
  90  10:15  Protoss Ground Weapons Level 1 (Chrono Boost)  
  90  10:18  Probe, Nexus  
  90  10:21  Pylon  
  91  10:23  Probe  
  92  10:31  Photon Cannon  
  92  10:40  Photon Cannon  
  92  10:50  High Templar  
  92  10:51  High Templar x3  
  100  10:57  Probe  
  100  10:58  Probe  
  100  10:59  Archon x2  
  100  11:03  Zealot x2  
  106  11:07  Zealot  
  108  11:14  Photon Cannon  
  108  11:21  Pylon  
  108  11:30  High Templar x2, Zealot x2  
  116  11:37  Archon  
  116  11:39  Pylon, Zealot  
  118  11:40  High Templar x2  
  118  11:45  Archon  
  122  11:51  Zealot  
  122  11:52  Zealot  
  126  11:58  Pylon  
  126  12:17  High Templar  
  126  12:18  High Templar, Zealot x5  
  140  12:22  Archon  
  140  12:25  Pylon  
  129  13:16  Nexus  
Tags
 
Add a new tag
Caveats
  • Supply blocks, unpowered buildings, or Contaminate may cause inaccurate times.
  • Supply counts are checked every 10 seconds.